 Dungeon Crawl Stone Soup version 0.25-a0-719-gde951dce62 (console) character file.

Game seed: 7567936880323737476, levelgen mode: classic

377 Duffy the Firebug (level 6, -4/49 HPs)
             Began as a Naga Fire Elementalist on Apr 6, 2020.
             Killed from afar by an orc wizard (6 damage)
             ... with a magic dart
             ... on level 7 of the Dungeon.
             The game lasted 00:01:43 (1527 turns).

Duffy the Firebug (Naga Fire Elementalist)          Turns: 1527, Time: 00:01:44

Health: -4/49      AC:  5    Str: 10    XL:     6   Next: 73%
Magic:  1/11       EV: 10    Int: 17    God:
Gold:   59         SH:  0    Dex: 12    Spells: 2/12 levels left

rFire    . . .     SeeInvis +   i - +3 dagger (venom)
rCold    . . .     Gourm    .   (no shield)
rNeg     . . .     Faith    .   a - +0 robe
rPois    +         Spirit   .   (no helmet)
rElec    .         Reflect  .   (no cloak)
rCorr    .         Harm     .   h - +1 pair of gloves
MR       .....                  (no barding)
Stlth    ++........             (no amulet)
HPRegen  0.16/turn              (no ring)
MPRegen  0.12/turn              (no ring)

@: very slow
A: large, see invisible, deformed body, poison resistance, slowness 2, slow
metabolism 1, spit poison 1, AC +2
a: Spit Poison


You were on level 7 of the Dungeon.
You were not hungry.

You visited 1 branch of the dungeon, and saw 7 of its levels.

You collected 59 gold pieces.

Inventory:

Hand Weapons
 i - a +3 dagger of venom (weapon)
Armour
 a - a +0 robe (worn)
 h - a +1 pair of gloves (worn)
Jewellery
 d - an uncursed ring of ice
Scrolls
 b - a scroll of fog {unknown}
 e - 3 scrolls of remove curse {unknown}
 f - 2 scrolls of enchant weapon {unknown}
 g - 2 scrolls of enchant armour {unknown}
 l - a scroll of teleportation {unknown}
 m - a scroll of amnesia {unknown}
Potions
 j - 2 potions of cancellation {unknown}
Comestibles
 c - 3 rations
 k - a chunk of flesh


   Skills:
 - Level 1.5 Dodging
 - Level 3.0 Stealth
 + Level 3.6 Spellcasting
 + Level 4.5 Conjurations
 + Level 4.5 Fire Magic


You had 2 spell levels left.
You knew the following spells:

 Your Spells              Type           Power        Failure   Level  Hunger
h - Foxfire               Conj/Fire      ###.         2%          1    None
j - Sticky Flame          Conj/Fire      ###.....     26%         4    ####...
k - Fireball              Conj/Fire      ###.......   56%         5    ######.

Your spell library contained the following spells:

 Spells                   Type           Power        Failure   Level  Hunger
 Conjure Flame            Conj/Fire      ###.....     8%          3    ###....
 Inner Flame              Hex/Fire       ##......     19%         3    ###....


Dungeon Overview and Level Annotations

Branches:
Dungeon (7/15)
 Temple: D:4-7

Altars:


Innate Abilities, Weirdness & Mutations

You cannot wear boots.
Your serpentine skin is tough. (AC +2)
You have supernaturally acute eyesight. (SInv)
Armour fits poorly on your strangely shaped body.
Your system is resistant to poisons. (rPois)
You cover ground very slowly.
You have a slow metabolism.
You can spit poison.


Message History

The foxfire hits the hippogriff.
The hippogriff is almost dead.
The hippogriff bites you! The hippogriff pecks you. The hippogriff misses you.
Unknown command.
You hit the hippogriff.
You kill the hippogriff!
Your Conjurations skill increases to level 4!
Your Fire Magic skill increases to level 4!
You have reached level 6!
Your experience leads to an increase in your attributes!
Increase (S)trength, (I)ntelligence, or (D)exterity?
You feel clever.
Your skin feels tougher.
The foxfire hits the orc.
The orc is almost dead.
The foxfire hits the orc.
You kill the orc!
An orc comes into view. It is wielding a +0 mace.
The orc wizard gestures at you while chanting.
The magic dart hits you.
You die...

..... ##...... .#
.....###.........#
......#.......#..##
.........%........#
#..o.o....##......
#.....)%..#....# ..
....#...###<..#...
....o.....#.........
.........@#.......#.
.o...............##
..................#
..........#..###..#
.....#..#...... ...#
....##..###.##.. ...
....... #.# ##..
..... #.# . (.. ..


You could see an orc wizard and 2 orcs.

Vanquished Creatures
  A hippogriff (D:7)
  An ogre (D:6)
  A quasit (D:5)
  Jessica (D:3)
  A worker ant (D:5)
  An adder (D:5)
  A shadow imp (D:5)
  A worm (D:4)
  2 orcs
  A ball python (D:5)
  2 jackals (D:6)
  A frilled lizard (D:1)
  A kobold (D:1)
  A rat (D:3)
16 creatures vanquished.

Vanquished Creatures (others)
  61 foxfires
61 creatures vanquished.

Grand Total: 77 creatures vanquished

Notes
Turn   | Place    | Note
-------+----------+-------------------------------------------
     0 | D:1      | Duffy the Naga Fire Elementalist began the quest for the
                  | Orb.
     0 | D:1      | Reached XP level 1. HP: 15/15 MP: 3/3
   211 | D:3      | Noticed Jessica
   231 | D:3      | Killed Jessica
   231 | D:3      | Reached XP level 2. HP: 1/22 MP: 0/5
   231 | D:3      | Reached XP level 3. HP: 2/28 MP: 0/6
   675 | D:5      | Entered Level 5 of the Dungeon
   834 | D:5      | Reached XP level 4. HP: 11/36 MP: 1/7
  1353 | D:6      | Noticed an ogre
  1359 | D:6      | Killed an ogre
  1359 | D:6      | Reached XP level 5. HP: 42/42 MP: 1/9
  1365 | D:6      | Learned a level 4 spell: Sticky Flame
  1371 | D:6      | Learned a level 5 spell: Fireball
  1514 | D:7      | Noticed a hippogriff
  1524 | D:7      | HP: 1/42 [hippogriff (4)]
  1525 | D:7      | Killed a hippogriff
  1525 | D:7      | Reached XP level 6. HP: 1/49 MP: 1/11
  1527 | D:7      | Killed from afar by an orc wizard

Levels and vault maps discovered:
D:1:      kennysheep_arrival_seaside, layout_basic, minmay_large_rounded_square
D:2:      layout_rooms, nicolae_dithmenos_through_a_glass_darkly, uniq_sigmund
D:3:      layout_basic, chequers_serial_rivers_micro_a, serial_bayou_ford_a,
          uniq_jessica
D:4:      layout_basic, grunt_gozag_breadcrumbs, temple_hall, serial_shops,
          shop, roderic_lattice_a
D:5:      layout_basic, first_ration
D:6:      layout_basic, minivault_10
D:7:      layout_cave_pools, serial_gnoll_camp, gnoll_camp_mini_house,
          gnoll_camp_mini_doghouse, gnoll_camp_mini_doghouse,
          gnoll_camp_mini_shop, gnoll_camp_mini_loothouse, uniq_duvessa

Skill      XL: |  1  2  3  4  5 |
---------------+----------------+-----
Conjurations   | 3 4 |  4.5
Spellcasting   | 3 |  3.6
Fire Magic     | 4 |  4.5
Dodging        | |  1.5
Stealth        | |  3.0

Action                   |  1- 3 |  4- 6 || total
-------------------------+-------+-------++-------
Melee: Dagger            |    17 |    26 ||    43
 Cast: Foxfire           |    19 |    18 ||    37
 Abil: Spit Poison       |     3 |       ||     3
  Eat: Chunk             |       |     1 ||     1
Armor: Robe              |    43 |     9 ||    52
Dodge: Dodged            |    39 |    15 ||    54

Table legend:
 A = Non-vault XP
 B = Vault XP
 C = Vault XP percentage of total XP
 D = Non-vault monster count
 E = Vault monster count
 F = Vault count percentage of total count
                 A         B        C        D         E       F
            +---------+---------+-------+---------+---------+-------
      Total |     502 |      37 |   6.9 |      15 |       1 |   6.2
            +---------+---------+-------+---------+---------+-------
        D:1 |       2 |       0 |   0.0 |       2 |       0 |   0.0
        D:3 |       1 |      37 |  97.4 |       1 |       1 |  50.0
        D:4 |       5 |       0 |   0.0 |       1 |       0 |   0.0
        D:5 |     112 |       0 |   0.0 |       6 |       0 |   0.0
        D:6 |     120 |       0 |   0.0 |       3 |       0 |   0.0
        D:7 |     262 |       0 |   0.0 |       2 |       0 |   0.0
            +---------+---------+-------+---------+---------+-------
